 Dungeon Sprint DCSS version 0.31-a0-1376-g36f0627844 (webtiles) character file.

Game seed: 4306440281305993766

1542 Morrissey the Carver (level 8, -7/72 HPs)
             Began as a Gnoll Cinder Acolyte on Dec 24, 2023.
             Was a High Priest of Ignis.
             Killed from afar by a gargoyle (14 damage)
             ... with a stone arrow
             ... in the Dungeon (Sprint IX: "|||||||||||||||||||||||||||||").
             The game lasted 00:04:02 (334 turns).

Morrissey the Carver (Gnoll Cinder Acolyte)          Turns: 334, Time: 00:04:02

Health: -7/72      AC: 28    Str: 17    XL:     8   Next: 87%
Magic:  19/19      EV: 10    Int: 13    God:    Ignis [*****.]
Gold:   0          SH:  0    Dex: 13    Spells: 22/22 levels left

rFire   + . .        k - +2 scimitar (protect)
rCold   . . .        (no shield)
rNeg    . . .        n - +1 chain mail
rPois   .            (no helmet)
rElec   .            l - +0 cloak
rCorr   .            m - +0 pair of gloves
SInv    .            (no boots)
Will    .....        (no amulet)
Stlth   +            o - +3 ring of dexterity
HPRegen 0.32/turn    p - +3 ring of strength
MPRegen 0.16/turn

%: no teleportation
@: under a protective aura, fiery-armoured
A: fangs 1, strong nose, distributed training
a: Renounce Religion, Fiery Armour, Foxfire Swarm, Rising Flame


You were in the Dungeon.
You worshipped Ignis.
Ignis was extremely pleased with you.
You visited 1 branch

Inventory:

Hand Weapons
 a - a -1 falchion of flaming
 k - a +2 scimitar of protection (weapon)
Armour
 b - a +0 robe
 l - a +0 cloak (worn)
 m - a +0 pair of gloves (worn)
 n - a +1 chain mail (worn)
Jewellery
 o - a +3 ring of dexterity (left hand)
 p - a +3 ring of strength (right hand)
Wands
 j - a wand of light (9)
Scrolls
 h - 2 scrolls of blinking
 i - 2 scrolls of amnesia
Potions
 c - 5 potions of curing
 d - 2 potions of heal wounds
 e - a potion of haste
 f - 4 potions of magic
 g - a potion of invisibility


   Skills:
 + Level 9.8 Fighting
 + Level 7.2 Short Blades
 + Level 9.8 Long Blades
 + Level 7.2 Axes
 + Level 7.2 Maces & Flails
 + Level 7.2 Polearms
 + Level 7.2 Staves
 + Level 7.2 Ranged Weapons
 + Level 7.2 Throwing
 + Level 7.2 Armour
 + Level 7.2 Dodging
 + Level 7.2 Stealth
 + Level 7.2 Shields
 + Level 7.2 Unarmed Combat
 + Level 7.8 Spellcasting
 + Level 6.0 Conjurations
 + Level 6.0 Hexes
 + Level 6.0 Summonings
 + Level 6.0 Necromancy
 + Level 6.0 Translocations
 + Level 8.2 Fire Magic
 + Level 6.0 Ice Magic
 + Level 6.0 Air Magic
 + Level 6.0 Earth Magic
 + Level 6.0 Alchemy
 + Level 7.9 Invocations
 + Level 7.2 Evocations
 + Level 6.5 Shapeshifting


You had 22 spell levels left.
You didn't know any spells.
Your spell library contained the following spells:

 Spells                   Type           Power      Damage    Failure   Level
 Scorch                   Fire           52%        2d7       6%          2


Dungeon Overview and Level Annotations

Branches:
Dungeon (1/1)

Altars:
Cheibriados
Dithmenos
Elyvilon
Fedhas
Gozag
Hepliaklqana
Kikubaaqudgha
Makhleb
Nemelex Xobeh
Okawaru
Qazlal
Ru
Sif Muna
Trog
Uskayaw
Vehumet
Wu Jian
Xom
Yredelemnul
Zin
The Shining One
Jiyva
Lugonu


Innate Abilities, Weirdness & Mutations

You have very sharp teeth.
Your uncanny sense of smell can sniff out nearby items.
Your experience applies equally to all skills.


Message History

The boulder beetle is lightly wounded.
You carefully extract the barbed spikes from your body.
The boulder beetle bites you but does no damage.
The gargoyle hurls a stone arrow at you.
The stone arrow hits you but does no damage.
You hit the boulder beetle.
The boulder beetle is moderately wounded.
The boulder beetle bites you but does no damage.
The gargoyle hurls a stone arrow at you.
The stone arrow hits you!!
* * * LOW HITPOINT WARNING * * *
Unknown command.
You hit the boulder beetle but do no damage.
You bite the boulder beetle, but do no damage.
The boulder beetle is moderately wounded.
The boulder beetle leaps!
The gargoyle hits you but does no damage.
The gargoyle is burned by your cloak of flames.
The gargoyle is moderately damaged.
You closely miss the gargoyle.
You punch the gargoyle, but do no damage.
You bite the gargoyle, but do no damage.
The gargoyle is moderately damaged.
The gargoyle hits you but does no damage.
The gargoyle is burned by your cloak of flames.
The gargoyle is moderately damaged.
You barely miss the gargoyle. Your bite misses the gargoyle.
The gargoyle is moderately damaged.
The gargoyle hits you but does no damage.
The boulder beetle leaps!
You hit the gargoyle but do no damage.
You bite the gargoyle, but do no damage.
The gargoyle is moderately damaged.
The gargoyle hits you with a +0 flail!
* * * LOW HITPOINT WARNING * * *
You hit the gargoyle but do no damage.
The gargoyle is moderately damaged.
The gargoyle hurls a stone arrow at you.
The stone arrow hits you!
You die...

▓.▓
∆
▓B▓
∆
▓°▓
∆
▓)▓
∆
▓)▓
▓.▓
∆
▓.▓
▓.▓
∆
▓@▓
∆
▓9▓
∆
▓.▓
∆
▓.▓
▓.▓
▓.▓
▓.▓
▓.▓


You could see a boulder beetle and a gargoyle.

Vanquished Creatures
  A manticore (D)
  2 trolls (D)
  2 yaks (D)
  A vampire mosquito (D)
  An orc warrior (D)
  A black bear (D)
  An orc priest (D)
  A sleepcap (D)
  2 iguanas (D)
  An orc (D)
  An endoplasm (D)
  A hobgoblin (D)
  A frilled lizard (D)
  A kobold (D)
  A rat (D)
18 creatures vanquished.

Vanquished Creatures (others)
  An orc wizard (D)
1 creature vanquished.

Grand Total: 19 creatures vanquished

Notes
Turn   | Place    | Note
-------+----------+-------------------------------------------
     0 | D        | Morrissey the Gnoll Cinder Acolyte began the quest for the
                  | Orb.
     0 | D        | Reached XP level 1. HP: 23/23 MP: 4/4
    21 | D        | Reached skill level 1 in Invocations
    71 | D        | Noticed an iguana
    71 | D        | Noticed a black bear
    71 | D        | Noticed an iguana
    71 | D        | Noticed a sleepcap
    75 | D        | Killed an iguana
    76 | D        | Reached skill level 1 in Conjurations
    76 | D        | Reached skill level 1 in Hexes
    76 | D        | Reached skill level 1 in Summonings
    76 | D        | Reached skill level 1 in Necromancy
    76 | D        | Reached skill level 1 in Translocations
    76 | D        | Reached skill level 1 in Ice Magic
    76 | D        | Reached skill level 1 in Air Magic
    76 | D        | Reached skill level 1 in Earth Magic
    76 | D        | Reached skill level 1 in Alchemy
    76 | D        | Reached skill level 1 in Shapeshifting
    76 | D        | Reached XP level 2. HP: 29/29 MP: 6/6
    76 | D        | Reached XP level 3. HP: 35/35 MP: 7/7
    79 | D        | Killed a black bear
    80 | D        | Reached XP level 4. HP: 43/43 MP: 8/10
    80 | D        | Reached XP level 5. HP: 48/48 MP: 8/11
   123 | D        | Found a snail-covered altar of Cheibriados.
   123 | D        | Found a shadowy altar of Dithmenos.
   123 | D        | Found a white marble altar of Elyvilon.
   123 | D        | Found a blossoming altar of Fedhas.
   123 | D        | Found an opulent altar of Gozag.
   124 | D        | Found a hazy altar of Hepliaklqana.
   125 | D        | Found a viscous altar of Jiyva.
   126 | D        | Found an ancient bone altar of Kikubaaqudgha.
   127 | D        | Found a corrupted altar of Lugonu.
   128 | D        | Found a burning altar of Makhleb.
   129 | D        | Found a sparkling altar of Nemelex Xobeh.
   130 | D        | Found an iron altar of Okawaru.
   131 | D        | Found a stormy altar of Qazlal.
   132 | D        | Found a sacrificial altar of Ru.
   133 | D        | Found a shimmering blue altar of Sif Muna.
   134 | D        | Found a bloodstained altar of Trog.
   135 | D        | Found a hide-covered altar of Uskayaw.
   136 | D        | Found a radiant altar of Vehumet.
   137 | D        | Found an ornate altar of the Wu Jian Council.
   138 | D        | Found a shimmering altar of Xom.
   139 | D        | Found a basalt altar of Yredelemnul.
   140 | D        | Found a glowing silver altar of Zin.
   141 | D        | Found a glowing golden altar of the Shining One.
   194 | D        | Noticed a yak
   194 | D        | Noticed a troll
   194 | D        | Noticed a troll
   194 | D        | Noticed an orc warrior
   194 | D        | Noticed a yak
   199 | D        | Killed a yak
   200 | D        | Reached skill level 5 in Spellcasting
   200 | D        | Reached skill level 5 in Invocations
   200 | D        | Reached XP level 6. HP: 28/56 MP: 12/14
   203 | D        | Killed a troll
   204 | D        | Reached skill level 5 in Short Blades
   204 | D        | Reached skill level 5 in Axes
   204 | D        | Reached skill level 5 in Maces & Flails
   204 | D        | Reached skill level 5 in Polearms
   204 | D        | Reached skill level 5 in Staves
   204 | D        | Reached skill level 5 in Ranged Weapons
   204 | D        | Reached skill level 5 in Throwing
   204 | D        | Reached skill level 5 in Armour
   204 | D        | Reached skill level 5 in Dodging
   204 | D        | Reached skill level 5 in Stealth
   204 | D        | Reached skill level 5 in Shields
   204 | D        | Reached skill level 5 in Unarmed Combat
   204 | D        | Reached skill level 5 in Evocations
   204 | D        | Reached skill level 5 in Shapeshifting
   204 | D        | Reached XP level 7. HP: 33/63 MP: 12/16
   207 | D        | Killed a troll
   208 | D        | Reached skill level 5 in Conjurations
   208 | D        | Reached skill level 5 in Hexes
   208 | D        | Reached skill level 5 in Summonings
   208 | D        | Reached skill level 5 in Necromancy
   208 | D        | Reached skill level 5 in Translocations
   208 | D        | Reached skill level 5 in Ice Magic
   208 | D        | Reached skill level 5 in Air Magic
   208 | D        | Reached skill level 5 in Earth Magic
   208 | D        | Reached skill level 5 in Alchemy
   213 | D        | Killed a yak
   214 | D        | Reached XP level 8. HP: 36/71 MP: 14/18
   310 | D        | Noticed a manticore
   310 | D        | Noticed a boulder beetle
   310 | D        | Noticed a gargoyle
   321 | D        | Killed a manticore
   334 | D        | Killed from afar by a gargoyle

Illustrated notes

Levels and vault maps discovered:
D:        linesprint [early_d, line_temple, items_1, d_10, items_2, lair_1,
          lair_end, items_3, orc_1, orc_end, items_4, d_15, swamp_1, shoals_1,
          snake_1, spider_1, d_20, vaults_1, items_5, swamp_end, shoals_end,
          snake_end, spider_end, vaults_end, d_27, items_6, zot_1, zot_end,
          crypt_end, forest_end, elf_end, slime_end, tomb_end, abyss_end,
          pan_hell_end]

Skill      XL: |  1  2  3  4  5  6  7  8 |
---------------+-------------------------+-----
Invocations    | 2 3 5 6 7 |  7.9
Short Blades   | 2 3 4 5 6 7 |  7.2
Axes           | 2 3 4 5 6 7 |  7.2
Maces & Flails | 2 3 4 5 6 7 |  7.2
Polearms       | 2 3 4 5 6 7 |  7.2
Staves         | 2 3 4 5 6 7 |  7.2
Ranged Weapons | 2 3 4 5 6 7 |  7.2
Throwing       | 2 3 4 5 6 7 |  7.2
Armour         | 2 3 4 5 6 7 |  7.2
Dodging        | 2 3 4 5 6 7 |  7.2
Stealth        | 2 3 4 5 6 7 |  7.2
Shields        | 2 3 4 5 6 7 |  7.2
Unarmed Combat | 2 3 4 5 6 7 |  7.2
Spellcasting   | 3 4 5 6 7 |  7.8
Conjurations   | 1 2 3 4 5 6 |  6.0
Hexes          | 1 2 3 4 5 6 |  6.0
Summonings     | 1 2 3 4 5 6 |  6.0
Necromancy     | 1 2 3 4 5 6 |  6.0
Translocations | 1 2 3 4 5 6 |  6.0
Ice Magic      | 1 2 3 4 5 6 |  6.0
Air Magic      | 1 2 3 4 5 6 |  6.0
Earth Magic    | 1 2 3 4 5 6 |  6.0
Alchemy        | 1 2 3 4 5 6 |  6.0
Evocations     | 2 3 4 5 6 7 |  7.2
Shapeshifting  | 1 3 4 5 6 |  6.5
Fighting       | 7 8 9 |  9.8
Long Blades    | 7 8 9 |  9.8
Fire Magic     | 6 7 8 |  8.2

Action                     |  1- 3 |  4- 6 |  7- 9 || total
---------------------------+-------+-------+-------++-------
  Melee: Falchion          |    27 |     6 |       ||    33
         Bite              |     1 |     3 |     9 ||    13
         Scimitar          |       |     8 |    42 ||    50
         Punch             |       |     1 |     4 ||     5
 Invoke: Fiery Armour      |       |     1 |     1 ||     2
  Evoke: Wand              |       |       |     1 ||     1
    Use: Potion            |     1 |       |     1 ||     2
 Armour: Robe              |    14 |     1 |       ||    15
         Chain mail        |       |    11 |    42 ||    53
  Dodge: Dodged            |     8 |     7 |    15 ||    30

Table legend: (Time is in decaauts)
 A = Elapsed time spent in this place.
 B = Non-inter-level travel time spent in this place.
 C = Inter-level travel time spent in this place.
 D = Time resting spent in this place.
 E = Time spent auto-exploring this place.
 F = Levels seen in this place.
 G = Mean time per level.
                   A        B        C        D        E       F      G
               +--------+--------+--------+--------+--------+-----+--------+
         Total |    334 |    334 |      0 |    138 |      0 |   1 |  334.0 |
       Dungeon |    334 |    334 |      0 |    138 |      0 |   1 |  334.0 |
               +--------+--------+--------+--------+--------+-----+--------+

Top non-repeatable levels by time:
       D: 334 daAuts
